 Dungeon Crawl Stone Soup version 0.14-a0-519-g334afa2 (webtiles) character file.

206339 Deemzul the Warrior (level 17, -8/139 (148) HPs)
             Began as a Demonspawn Fighter on Nov 2, 2013.
             Was the Champion of Cheibriados.
             Mangled by a wolf spider (9 damage)
             ... on Level 5 of the Spider Nest.
             The game lasted 01:58:13 (32058 turns).

Deemzul the Warrior (Demonspawn Fighter)           Turns: 32058, Time: 01:58:14

HP  -8/139 (148) AC 24     Str 37      XL: 17   Next: 95%
MP   0/32        EV 17     Int 21 (25) God: Cheibriados [******]
Gold 3668        SH 34     Dex 29 (30) Spells:  0 memorised, 16 levels left

Res.Fire  : . . .   See Invis. : +   k - +6,+9 orc broad axe (chop)
Res.Cold  : . . .   Warding    : .   o - +2 plate armour {rPois}
Life Prot.: . . .   Conserve   : .   n - +2 shield {reflect}
Res.Poison: +       Res.Corr.  : .   (helmet restricted)
Res.Elec. : .       Clarity    : +   (no cloak)
Sust.Abil.: . .     Spirit.Shd : +   s - +1 pair of gloves {Dex+3}
Res.Mut.  : .       Stasis     : .   (no boots)
Res.Rott. : .       Flight     : .   C - cursed amulet of clarity
Saprovore : . . .                    a - ring of sustenance
                                     x - ring of protection from magic

@: very slightly contaminated, very slow, very resistant to hostile
enchantments, extremely unstealthy
A: beak, talons 2, see invisible, spiny 2, magic shield, magic regeneration, AC
+7, Dex -2
a: Bend Time, Temporal Distortion, Slouch, Step From Time, Renounce Religion
}: 1/15 runes: decaying


You were on level 5 of the Spider Nest.
You worshipped Cheibriados.
Cheibriados was exalted by your worship.
You were not hungry.

You visited 6 branches of the dungeon, and saw 42 of its levels.
You also visited: Labyrinth and Bailey.

You collected 3668 gold pieces.

Inventory:

Hand weapons
 k - a +6,+9 orcish broad axe of chopping (weapon)
 E - a +1 orcish blowgun
 S - a +0,+2 halberd of pain
Missiles
 c - 7 curare-tipped needles
Armour
 n - a +2 shield of reflection (worn)
 o - a +2 plate armour of poison resistance (worn)
 s - a +1 pair of gloves of dexterity (worn)
Magical devices
 e - a wand of fire (10)
 t - a wand of lightning (8)
 w - a wand of fire (5)
 z - a wand of disintegration (10)
 B - a wand of lightning (5)
 D - a wand of enslavement (14)
 F - a wand of disintegration (9)
 I - a wand of lightning (3)
 L - a wand of teleportation (5)
Comestibles
 d - 14 bread rations
 g - 21 meat rations
 j - a pear
Scrolls
 i - 10 scrolls of remove curse
 l - 3 scrolls of teleportation
 p - 12 scrolls of identify
 r - 6 scrolls of fog
 u - 5 scrolls of magic mapping
 J - a scroll of silence
 P - a scroll of fear
Jewellery
 a - a ring of sustenance (right hand)
 f - an uncursed ring of positive energy
 q - an uncursed ring of sustain abilities
 v - an uncursed ring of protection from cold
 x - a ring of protection from magic (left hand)
 A - an uncursed ring of flight
 C - a cursed amulet of clarity (around neck)
 G - an uncursed amulet of resist mutation
 R - a cursed -2 ring of intelligence
Potions
 h - a potion of resistance
 m - 6 potions of restore abilities
 Q - a potion of heal wounds
 U - a potion of agility
 W - 5 potions of curing
Miscellaneous
 y - a lamp of fire (inert)
 Z - a bottled efreet
Rods
 N - a +4 rod of the swarm (6/9)
   (You found it on level 11 of the Dungeon)
 T - a +0 rod of venom (12/12)
   (You found it on level 19 of the Dungeon)
 Y - a +2 rod of warding (9/9)
   (You found it on level 12 of the Dungeon)


   Skills:
 * Level 20.0 Fighting
 + Level 12.6 Axes
 + Level 7.3 Armour
 + Level 10.6 Dodging
 + Level 11.9 Shields
 + Level 13.6 Invocations
 + Level 11.7 Evocations


You had 16 spell levels left.
You didn't know any spells.

Dungeon Overview and Level Annotations

Branches:
Dungeon (19/27)            Temple (1/1) D:5             Orc (4/4) D:8
    Elf (0/3) Orc:4          Lair (8/8) D:8           Swamp (5/5) Lair:6
 Spider (5/5) Lair:6        Slime (0/6) Lair:8       Vaults (0/5) D:16

Altars:
Ashenzari
Cheibriados
Elyvilon
Fedhas
Kikubaaqudgha
Makhleb
Nemelex Xobeh
Okawaru
Sif Muna
Trog
Xom
Yredelemnul
Zin
the Shining One

Shops:
D:13 /   D:15 (   D:17 (   Orc:2 *   Orc:4 ?*?(

Annotations:
Orc:2 Erolcha


Innate Abilities, Weirdness & Mutations

You have razor-sharp toenails.
You are mostly covered in rough black scales (AC +7, Dex -2).
You are mostly covered in sharp spines.
When hurt, damage is shared between your health and your magic reserves.
You regenerate magic rapidly.
You have a beak for a mouth.
You have supernaturally acute eyesight.


Message History

You slash the giant goldfish!
The giant goldfish is severely wounded.
You closely miss the wolf spider. You slash the wolf spider!
You claw the wolf spider. Your peck misses the wolf spider.
The wolf spider is moderately wounded.
You hit the moth of wrath.
The moth of wrath is heavily wounded.
You slash the jumping spider!
The jumping spider is moderately wounded.
The wolf spider bites you!
* * * LOW HITPOINT WARNING * * *
You block the wolf spider's attack. The jumping spider pounces on you!
* * * LOW HITPOINT WARNING * * *
You block the jumping spider's attack. You block the giant goldfish's attack.
The moth of wrath completely misses you.
The wolf spider barely misses you.
The wolf spider hits you but does no damage.
The wolf spider bites you but does no damage.
The wolf spider hits you!
You die...

## ##...........#.#..## #..## #.
# ###....#.........# #..####.
#########..#.### #....... ######
##.....# ##### #######
...^≈########## #
≈......≈≈.≈...≈#########
......s;s....≈.≈...≈.^≈.#
....s.ss@.....;≈≈..^.....
......≈sys..≈...≈.^^.%^.. ####
.....≈.....≈....≈..^.≈.. ..^###
.≈.≈≈..≈.≈.≈≈.≈≈....≈... ≈≈^.s###
..≈≈.###############....
ss.≈^..########≈.≈≈≈≈......≈^^≈..
s§≈.s..^≈^...≈.≈.≈≈.....≈.≈^.%...
sy......%≈..≈............%...^^..
ss..≈≈.....^..≈≈..........≈≈..^..


You could see 2 wolf spiders, 2 demonic crawlers, a moth of wrath, 2 giant
goldfish, a jumping spider, an orb spider and a redback.

Vanquished Creatures
  Norris (D:16)
  Mara (Spider:5)
  5 illusory
  Maras (Spider:5)
  A player illusion (Spider:5)
  Donald (Swamp:5)
  The ghost of TZer0 the Severer, a powerful LOBe of Trog (D:16)
  Maud (Swamp:1)
  A ghost moth (Spider:5)
  3 deep elf sorcerers (D:19)
  Gastronok (D:8)
  A dragon (Lair:8)
  Fannar (Orc:3)
  Harold (D:11)
  Josephine (Orc:3)
  A ravenous feature mimic (D:19)
  3 ogre magi
  A minotaur (Lab)
  21 hydras
  5 ravenous item mimics
  Erica (Orc:3)
  8 alligators
  6 centaur warriors
  4 death yaks (Lair:7)
  4 orc high priests
  2 sun demons
  A vampire mage (D:19)
  Urug (D:13)
  A catoblepas (Lair:5)
  Nergalle (Orc:3)
  8 skeletal warriors
  9 unseen horrors
  5 large abominations (D:11)
  11 swamp dragons
  10 hill giants
  2 giant amoebae
  10 orc sorcerers
  8 wizards
  Joseph (D:7)
  8 wolf spiders
  11 orc knights
  3 griffons
  9 cyclopes
  2 lindwurms (Lair:8)
  2 red wasps (Spider:5)
  7 spiny worms (Lair:8)
  4 elephants (Lair:8)
  4 sixfirhies
  A frost giant skeleton (D:19)
  2 guardian serpents
  19 spiny frogs
  6 black mambas
  3 feature mimics
  Psyche (D:9)
  A demonic crawler (Spider:5)
  12 item mimics (D:17)
  3 yaktaurs (D:16)
  3 naga magi (D:19)
  2 orb spiders (Spider:5)
  2 hellwings
  7 komodo dragons
  3 fire drakes
  4 giant fireflies (Lair:8)
  4 jumping spiders
  6 giant leeches
  8 trolls
  Sonja (Orc:3)
  A giant firefly (shapeshifter) (D:19)
  33 slime creatures
  Prince Ribbit (D:6)
  7 blink frogs
  4 basilisks
  A stone giant simulacrum (D:19)
  10 baby alligators
  6 bog bodies
  8 two-headed ogres
  A chaos spawn (D:19)
  4 shadows
  12 redbacks
  40 ugly things
  3 wyverns
  A griffon skeleton (D:18)
  A shark (D:11)
  43 yaks
  A dragon skeleton (D:15)
  A tarantella (shapeshifter) (D:19)
  8 trapdoor spiders (Spider:5)
  A wraith (D:15)
  5 deep elf magi (D:19)
  9 hippogriffs
  2 hill giant zombies
  25 vampire mosquitoes
  Eustachio (D:4)
  An orc zombie (Orc:4)
  8 tarantellas
  A spiny worm zombie (D:18)
  A merfolk (D:8)
  A hungry ghost (D:8)
  A deep elf fighter (D:8)
  A hill giant skeleton (D:16)
  9 wolves
  3 mottled dragons
  3 manticores
  7 rock worms
  Edmund (D:8)
  A soldier ant (D:8)
  3 small abominations (D:11)
  35 swamp worms
  5 porcupines
  9 swamp drakes
  3 ice beasts
  2 sky beasts
  40 orc warriors
  2 phantoms
  2 black bears
  16 ogres
  3 tengu (Swamp:4)
  The ghost of Deemzul the Insei, an average DsMo (D:4)
  22 centaurs
  5 giant goldfish
  A boring beetle (Lair:3)
  15 crocodiles
  A hill giant simulacrum (D:15)
  A yaktaur zombie (D:17)
  21 water moccasins
  A boring beetle (shapeshifter) (D:14)
  A komodo dragon zombie (D:15)
  3 wargs (D:8)
  5 big kobolds
  A rotting devil (Orc:3)
  9 giant slugs
  5 brain worms
  Blork the orc (D:7)
  23 giant frogs
  9 agate snails
  23 insubstantial wisps
  3 cyclops zombies
  2 eyes of draining
  A boulder beetle zombie (D:18)
  A cyclops skeleton (D:15)
  A hippogriff zombie (D:6)
  A troll zombie (D:11)
  22 killer bees
  A troll skeleton (D:12)
  11 jellyfish
  9 wights
  9 goliath beetles
  4 electric eels
  10 crimson imps
  A quasit (D:13)
  A giant frog zombie (D:10)
  A basilisk zombie (D:13)
  12 big fish
  23 orc priests
  2 spiders (Spider:5)
  A giant frog skeleton (D:5)
  3 jellies
  A giant slug simulacrum (D:16)
  3 scorpions
  11 hounds
  18 humans (D:16)
  24 orc wizards
  7 iguanas
  A troll simulacrum (Orc:3)
  17 worker ants
  18 sheep
  Ijyb (D:7)
  Jessica (D:2)
  2 mummies
  7 gnolls
  An ogre simulacrum (Orc:3)
  A worker ant zombie (D:4)
  13 giant centipedes
  45 green rats
  25 adders
  3 giant mites
  24 worms
  An ufetubus (D:4)
  A giant centipede zombie (D:12)
  2 grey rats (D:8)
  An iguana skeleton (D:7)
  5 giant eyeballs
  8 giant geckos
  3 oozes
  159 orcs
  12 giant cockroaches
  19 hobgoblins
  19 jackals
  36 kobolds
  A ball python (D:3)
  41 bats
  12 giant newts
  20 goblins
  2 kobold zombies
  3 orc simulacra (Orc:3)
  An orc skeleton (Orc:3)
  9 quokkas
  A quokka skeleton (D:5)
  31 rats
  2 rat skeletons
  A rat zombie (D:7)
  6 spectral orcs (Orc:3)
  4 ballistomycetes
  14 fungi
  10 plants
1583 creatures vanquished.

Vanquished Creatures (collateral kills)
  A wolf spider (Spider:5)
  4 small abominations (D:11)
5 creatures vanquished.

Vanquished Creatures (others)
  A wolf spider (Spider:5)
  3 orb spiders (Spider:5)
  3 fire elementals
  A tarantella (Spider:5)
  2 trapdoor spiders (Spider:5)
  A redback (Spider:5)
  A swamp drake (Swamp:4)
  A yellow wasp (D:11)
  A boring beetle (Lair:8)
  3 killer bees
  A goliath beetle (D:11)
  A spider (Spider:5)
  A scorpion (Spider:5)
  A worker ant (Spider:5)
  3 giant spores
  9 fungi
  3 plants
36 creatures vanquished.

Grand Total: 1624 creatures vanquished

Notes
Turn   | Place    | Note
--------------------------------------------------------------
     0 | D:1      | Deemzul, the Demonspawn Fighter, began the quest for the Orb.
     0 | D:1      | Reached XP level 1. HP: 18/18 MP: 0/0
    92 | D:1      | Gained mutation: You have sharp toenails. [demonic ancestry]
    92 | D:1      | Reached XP level 2. HP: 20/24 MP: 1/1
   484 | D:2      | Reached skill level 4 in Fighting
   484 | D:2      | Gained mutation: You are partially covered in sharp spines. [demonic ancestry]
   484 | D:2      | Reached XP level 3. HP: 20/30 MP: 2/2
   530 | D:2      | Noticed Jessica
   538 | D:2      | Killed Jessica
   897 | D:1      | Gained mutation: You are partially covered in rough black scales (AC +4, Dex -1). [demonic ancestry]
   897 | D:1      | Reached XP level 4. HP: 12/37 MP: 3/3
  1288 | D:2      | Reached skill level 5 in Fighting
  1505 | D:2      | Gained mutation: You are mostly covered in rough black scales (AC +7, Dex -2). [demonic ancestry]
  1505 | D:2      | Reached XP level 5. HP: 36/43 MP: 4/4
  1649 | D:3      | Found a blossoming altar of Fedhas.
  2049 | D:3      | Noticed a moth of wrath
  2051 | D:3      | Found a bloodstained altar of Trog.
  2358 | D:4      | Noticed Deemzul's ghost (average DsMo)
  2372 | D:4      | Killed Deemzul's ghost
  2372 | D:4      | Reached skill level 6 in Fighting
  2372 | D:4      | Reached XP level 6. HP: 48/50 MP: 5/5
  2495 | D:4      | Noticed Eustachio
  2521 | D:4      | Killed Eustachio
  2832 | D:4      | Gained mutation: You are mostly covered in sharp spines. [demonic ancestry]
  2832 | D:4      | Reached XP level 7. HP: 57/57 MP: 6/6
  2840 | D:4      | Reached skill level 7 in Fighting
  3325 | D:5      | Entered Level 5 of the Dungeon
  3333 | D:5      | Paralysed by a giant eyeball for 2 turns
  3525 | D:5      | Found a staircase to the Ecumenical Temple.
  3561 | Temple   | Entered the Ecumenical Temple
  3706 | D:5      | Reached skill level 8 in Fighting
  3776 | D:5      | Paralysed by a giant eyeball for 2 turns
  3863 | D:5      | Reached XP level 8. HP: 45/65 MP: 7/7
  4400 | D:6      | Noticed Prince Ribbit
  4416 | D:6      | Killed Prince Ribbit
  4416 | D:6      | Reached skill level 5 in Axes
  4487 | D:6      | Paralysed by a giant eyeball for 2 turns
  4631 | D:6      | Reached skill level 9 in Fighting
  5114 | D:7      | Noticed Blork the orc
  5123 | D:7      | Killed Blork the orc
  5144 | D:7      | Noticed Ijyb
  5151 | D:7      | Killed Ijyb
  5182 | D:7      | Noticed Joseph
  5207 | D:7      | Killed Joseph
  5207 | D:7      | Reached XP level 9. HP: 57/73 MP: 8/8
  5300 | D:7      | Found a snail-covered altar of Cheibriados.
  5311 | D:7      | Became a worshipper of Cheibriados the Contemplative
  5450 | D:7      | Reached skill level 10 in Fighting
  5841 | D:8      | Acquired Cheibriados' first power
  5877 | D:8      | Noticed Gastronok
  5915 | D:8      | Killed Gastronok
  5915 | D:8      | Reached skill level 11 in Fighting
  5915 | D:8      | Reached skill level 5 in Shields
  6137 | D:8      | Found a staircase to the Orcish Mines.
  6313 | D:8      | Noticed Edmund
  6331 | D:8      | Gained mutation: When hurt, damage is shared between your health and your magic reserves. [demonic ancestry]
  6331 | D:8      | Reached XP level 10. HP: 54/82 MP: 9/9
  6338 | D:8      | Killed Edmund
  7433 | D:9      | Noticed Psyche
  7442 | D:9      | Killed Psyche
  7442 | D:9      | Acquired Cheibriados' second power
  7510 | D:9      | Reached skill level 1 in Dodging
  8039 | D:9      | Paralysed by a giant eyeball for 2 turns
  8134 | D:10     | Entered Level 10 of the Dungeon
  8183 | D:10     | Killed an unseen horror
  8183 | D:10     | Reached skill level 12 in Fighting
  8216 | D:10     | Got a bloodstained robe
  8227 | D:10     | Identified the +0 robe of Stranewn {Stlth++} (You found it on level 10 of the Dungeon)
  8290 | D:9      | Killed an unseen horror
  8467 | D:10     | Acquired Cheibriados' third power
  8533 | D:10     | Found a basalt altar of Yredelemnul.
  8677 | D:10     | Noticed a hill giant
  8692 | D:10     | Killed a hill giant
  8741 | D:10     | Gained mutation: You regenerate magic rapidly. [demonic ancestry]
  8741 | D:10     | Reached XP level 11. HP: 85/90 MP: 10/10
  9291 | D:11     | Noticed a four-headed hydra
  9301 | D:12     | Acquired Cheibriados' fourth power
  9311 | D:12     | Reached skill level 1 in Invocations
  9664 | D:12     | Killed an unseen horror
  9835 | D:12     | Found a flagged portal.
  9840 | Bailey   | Entered a bailey
 10502 | Bailey   | Reached skill level 13 in Fighting
 10510 | Bailey   | Reached skill level 1 in Evocations
 10655 | Bailey   | Identified a scroll of acquirement
 10729 | D:12     | Noticed a centaur warrior
 10740 | D:12     | Killed a centaur warrior
 10839 | D:12     | Identified a +2 rod of warding (9/9) (You found it on level 12 of the Dungeon)
 11124 | D:13     | Noticed Urug
 11139 | D:13     | Killed Urug
 11228 | D:13     | Found Klus Ghall's Magical Wand Emporium.
 11275 | D:13     | Killed an unseen horror
 11275 | D:13     | Reached skill level 5 in Invocations
 11275 | D:13     | Gained mutation: You have razor-sharp toenails. [demonic ancestry]
 11275 | D:13     | Reached XP level 12. HP: 51/99 MP: 16/20
 11311 | D:13     | Found a blossoming altar of Fedhas.
 11516 | D:13     | Noticed a skeletal warrior
 11516 | D:13     | Noticed a skeletal warrior
 11516 | D:13     | Noticed a skeletal warrior
 11525 | D:13     | Killed a skeletal warrior
 11525 | D:13     | Reached skill level 5 in Dodging
 11539 | D:13     | Killed a skeletal warrior
 11552 | D:13     | Killed a skeletal warrior
 12348 | D:14     | Noticed an eight-headed hydra
 12355 | D:14     | Killed a six-headed hydra
 12778 | D:14     | Gained mutation: Your natural rate of healing is unusually fast. [potion of mutation]
 12778 | D:14     | Gained mutation: Your mind is acute. (Int +2) [potion of mutation]
 12778 | D:14     | Gained mutation: You are weak. (Str -2) [potion of mutation]
 12862 | D:14     | Reached skill level 14 in Fighting
 13147 | D:14     | Reached skill level 5 in Evocations
 13682 | D:11     | Noticed Harold
 13697 | D:11     | Killed Harold
 13722 | D:11     | Noticed an eight-headed hydra
 13723 | D:11     | Reached XP level 13. HP: 60/107 MP: 23/23
 13728 | D:11     | Killed a six-headed hydra
 13879 | D:11     | Noticed a wizard
 13889 | D:11     | Killed a wizard
 13907 | D:11     | Killed a hydra
 13924 | D:11     | Got a crude crossbow
 13925 | D:11     | Identified the cursed -2,+1 crossbow of the Thirteen Gods {frost, rPois rN+ Str+1 Dex+3} (You found it on level 11 of the Dungeon)
 13925 | D:11     | Identified the cursed -2,+1 crossbow of the Thirteen Gods {frost, rPois rN+ Str+1 Dex+3} (You found it on level 11 of the Dungeon)
 14008 | D:11     | Identified a cursed +4 rod of the swarm (9/9) (You found it on level 11 of the Dungeon)
 14014 | D:11     | Noticed a large abomination
 14014 | D:11     | Noticed a large abomination
 14014 | D:11     | Noticed a large abomination
 14014 | D:11     | Noticed a large abomination
 14014 | D:11     | Noticed a large abomination
 14026 | D:11     | Killed a large abomination
 14032 | D:11     | Killed a large abomination
 14036 | D:11     | Killed a large abomination
 14042 | D:11     | Killed a large abomination
 14050 | D:11     | Killed a large abomination
 14305 | Orc:1    | Entered Level 1 of the Orcish Mines
 14509 | Orc:2    | Found Mewiel's Assorted Antiques.
 14725 | Orc:2    | Reached skill level 10 in Axes
 14829 | Orc:3    | Noticed Josephine
 14830 | Orc:3    | Noticed Fannar
 14836 | Orc:3    | Killed Josephine
 14839 | Orc:3    | Killed Fannar
 14944 | Orc:3    | Noticed Erica
 14959 | Orc:3    | Killed Erica
 14975 | Orc:3    | Noticed Nergalle
 14982 | Orc:3    | Killed Nergalle
 15095 | Orc:3    | Paralysed by an orc sorcerer for 3 turns
 15355 | Orc:3    | Noticed Sonja
 15503 | Orc:3    | Paralysed by an orc sorcerer for 2 turns
 15505 | Orc:3    | Killed Sonja
 15559 | Orc:2    | Noticed Erolcha
 15752 | D:8      | Found a staircase to the Lair.
 15765 | Lair:1   | Entered Level 1 of the Lair of Beasts
 15878 | Lair:1   | Reached skill level 15 in Fighting
 16378 | Lair:1   | Reached XP level 14. HP: 113/116 MP: 24/26
 16528 | Lair:2   | Found a labyrinth entrance.
 16540 | Lab      | Entered a labyrinth
 17902 | Lair:3   | Got a fine battleaxe
 19548 | Lair:5   | Found a staircase to the Snake Pit.
 19564 | Lair:5   | the staircase to the Snake Pit was a mimic.
 20841 | Orc:4    | Entered Level 4 of the Orcish Mines
 20899 | Orc:4    | Found a staircase to the Elven Halls.
 21028 | Orc:4    | Reached skill level 16 in Fighting
 21033 | Orc:4    | Reached skill level 10 in Invocations
 21034 | Orc:4    | Reached skill level 10 in Shields
 21319 | Orc:4    | Found Etau's Magic Scroll Emporium.
 21322 | Orc:4    | Found Braleut's General Store.
 21330 | Orc:4    | Found Twocuiro's Magic Scroll Boutique.
 21332 | Orc:4    | Found Wang's Antique Weapon Emporium.
 21925 | Lair:6   | Found a hole to the Spider Nest.
 22335 | Lair:6   | Found a staircase to the Swamp.
 22354 | Swamp:1  | Entered Level 1 of the Swamp
 22869 | Lair:7   | Reached XP level 15. HP: 116/126 MP: 26/28
 23017 | Lair:7   | Found a glowing golden altar of the Shining One.
 23321 | Lair:8   | Entered Level 8 of the Lair of Beasts
 23530 | Lair:8   | Reached skill level 17 in Fighting
 23915 | Lair:8   | Got an ancient dagger
 23916 | Lair:8   | Identified the +5,+2 dagger of Eternal Harmony {stab, +Rage Str+2 Stlth--} (You found it on level 8 of the Lair of Beasts)
 23916 | Lair:8   | Identified the +5,+2 dagger of Eternal Harmony {stab, +Rage Str+2 Stlth--} (You found it on level 8 of the Lair of Beasts)
 24328 | Lair:8   | Found a staircase to the Slime Pits.
 25170 | Swamp:4  | Reached skill level 18 in Fighting
 25402 | Swamp:5  | Entered Level 5 of the Swamp
 25437 | Swamp:5  | Reached XP level 16. HP: 89/137 MP: 8/30
 25454 | Swamp:5  | Got a decaying rune of Zot
 25540 | Swamp:5  | Lost mutation: You are weak. (Str -2) [potion of cure mutation]
 25540 | Swamp:5  | Lost mutation: Your mind is acute. (Int +2) [potion of cure mutation]
 25540 | Swamp:5  | Lost mutation: Your natural rate of healing is unusually fast. [potion of cure mutation]
 25551 | Swamp:5  | Reached skill level 10 in Evocations
 25560 | Swamp:5  | Noticed Donald
 25576 | Swamp:5  | Killed Donald
 25795 | Swamp:4  | Reached skill level 5 in Armour
 25893 | Swamp:1  | Noticed Maud
 25901 | Swamp:1  | Killed Maud
 26861 | D:15     | Entered Level 15 of the Dungeon
 27014 | D:15     | Reached skill level 19 in Fighting
 27018 | D:15     | Found Nyib's Antique Weapon Boutique.
 27340 | D:16     | Found a staircase to the Vaults.
 27340 | D:16     | Noticed Norris
 27348 | D:16     | Noticed TZer0's ghost (powerful LOBe)
 27368 | D:16     | Killed TZer0's ghost
 27372 | D:16     | Killed Norris
 27450 | D:16     | Reached skill level 10 in Dodging
 27601 | D:16     | Found a shattered altar of Ashenzari.
 28432 | D:17     | Found Nenajio's Weapon Shoppe.
 28435 | D:17     | Reached XP level 17. HP: 147/147 MP: 31/31
 28931 | D:18     | Gained mutation: You have sharp fingernails. [potion of beneficial mutation]
 29530 | D:19     | Found an ancient bone altar of Kikubaaqudgha.
 29907 | D:19     | Found a deep blue altar of Sif Muna.
 29992 | D:19     | Gained mutation: You can spit poison. [potion of mutation]
 29992 | D:19     | Gained mutation: You have supernaturally acute eyesight. [potion of mutation]
 29992 | D:19     | Gained mutation: You have a fast metabolism. [potion of mutation]
 30254 | D:19     | Gained mutation: You have a beak for a mouth. [potion of mutation]
 30265 | D:19     | Identified the Reference Book on the Shifting Oath
 30316 | D:19     | Identified the Reference Book on Earthen Malediction
 30319 | D:19     | Identified Fruisiga's Grimoire of Earthen Creation
 30337 | D:19     | Identified Ixyhay's Volume of Conjuration
 30339 | D:19     | Identified the Reference Book on Lucky Confrontation
 30350 | D:19     | Identified a +0 rod of venom (12/12) (You found it on level 19 of the Dungeon)
 30490 | D:17     | Lost mutation: You have sharp fingernails. [potion of cure mutation]
 30490 | D:17     | Lost mutation: You have a fast metabolism. [potion of cure mutation]
 30490 | D:17     | Lost mutation: You can spit poison. [potion of cure mutation]
 30950 | Spider:1 | Entered Level 1 of the Spider Nest
 31073 | Spider:5 | Entered Level 5 of the Spider Nest
 31093 | Spider:5 | Noticed Mara
 31098 | Spider:5 | Noticed Mara
 31098 | Spider:5 | Noticed Mara
 31120 | Spider:5 | Killed Mara
 31183 | Spider:5 | Noticed Deemzul's illusion
 31187 | Spider:5 | Noticed Mara
 31187 | Spider:5 | Noticed Mara
 31187 | Spider:5 | Killed Mara
 31190 | Spider:5 | Noticed Mara
 31194 | Spider:5 | Killed Deemzul's illusion
 31201 | Spider:5 | Killed Mara
 31204 | Spider:5 | Killed Mara
 31209 | Spider:5 | Noticed Deemzul's illusion
 31210 | Spider:5 | Noticed Mara
 31210 | Spider:5 | Noticed Mara
 31216 | Spider:5 | Killed Mara
 31218 | Spider:5 | Killed Mara
 32034 | Spider:5 | Reached skill level 20 in Fighting
 32058 | Spider:5 | HP: 1/139 [jumping spider (8)]
 32058 | Spider:5 | Mangled by a wolf spider

Action                   |  1- 3 |  4- 6 |  7- 9 | 10-12 | 13-15 | 16-18 || total
-------------------------+-------+-------+-------+-------+-------+-------++-------
Melee: Hand axe          |   101 |    90 |       |       |       |       ||   191
       War axe           |       |   108 |   399 |   771 |   710 |       ||  1988
       Unarmed           |       |       |     3 |       |       |       ||     3
       Spear             |       |       |       |    35 |       |       ||    35
       Glaive            |       |       |       |    19 |       |       ||    19
       Rod               |       |       |       |     9 |       |       ||     9
       Broad axe         |       |       |       |       |   589 |   771 ||  1360
 Fire: Blowgun           |       |       |       |    29 |       |       ||    29
       Crossbow          |       |       |       |    29 |       |       ||    29
Throw: Dart              |     4 |       |       |       |       |       ||     4
Invok: Slouch            |       |       |       |     1 |    23 |    15 ||    39
       Bend Time         |       |       |       |       |       |     4 ||     4
Evoke: Wand              |       |       |     3 |    15 |    14 |    13 ||    45
       Rod               |       |       |       |       |     2 |     1 ||     3
       Miscellaneous     |       |       |       |       |     1 |     1 ||     2
  Use: Scroll            |       |     2 |     1 |    22 |    35 |     9 ||    69
       Potion            |       |     1 |    10 |    10 |     3 |    10 ||    34
 Stab: Invisible         |       |       |     2 |     3 |       |       ||     5
       Fleeing           |       |       |       |     1 |       |       ||     1
       Distracted        |       |       |       |       |       |     1 ||     1
